 Dungeon Crawl Stone Soup version 0.20.1-1-g8b1a95d (webtiles) character file.

174 polly the Ruffian (level 5, -6/39 HPs)
             Began as a Demonspawn Gladiator on Dec 14, 2017.
             Was an Initiate of Okawaru.
             Mangled by an ogre
             ... wielding a +0 giant club
              (16 damage)
             ... on level 4 of the Dungeon.
             The game lasted 00:03:03 (2946 turns).

polly the Ruffian (Demonspawn Gladiator)            Turns: 2946, Time: 00:03:03

Health: -6/39      AC: 13    Str: 15    XL:     5   Next: 28%
Magic:  0/5        EV:  7    Int: 10    God:    Okawaru [......]
Gold:   152        SH:  0    Dex: 14    Spells: 4/4 levels left

rFire    . . .     SeeInvis .     - Unarmed
rCold    . . .     Gourm    .   (no shield)
rNeg     . . .     Faith    .   j - +0 chain mail (curse)
rPois    .         Spirit   +   b - +0 helmet
rElec    .         Reflect  .   (no cloak)
rCorr    .         Harm     .   (no gloves)
MR       .....                  w - +0 pair of boots
Stlth    ..........             l - amulet of guardian spirit
Regen    0.2/turn               (no ring)
MPRegen  0.1/turn               (no ring)

@: no status effects
A: hooves 1, iridescent scales 1
a: Renounce Religion


You were on level 4 of the Dungeon.
You worshipped Okawaru.
Okawaru was noncommittal.
You were near starving.

You visited 1 branch of the dungeon, and saw 4 of its levels.

You collected 152 gold pieces.

Inventory:

Missiles
 c - 2 throwing nets (quivered)
Armour
 b - a +0 helmet (worn)
 j - a cursed +0 chain mail (worn)
 w - a +0 pair of boots (worn)
Jewellery
 l - an amulet of guardian spirit (around neck)
 x - an uncursed ring of protection from cold {unknown}
 y - an uncursed amulet of rage {unknown}
Scrolls
 f - 3 scrolls of teleportation {unknown}
 g - a scroll of enchant armour {unknown}
 i - a scroll of enchant weapon {unknown}
 m - a scroll of immolation {unknown}
 r - a scroll of noise {unknown}
 s - a scroll of random uselessness {unknown}
 v - 2 scrolls of identify {unknown}
Potions
 a - a potion of cancellation {unknown}
 e - a potion of heal wounds {unknown}
 h - a potion of might {unknown}
 p - 3 potions of curing {unknown}
 q - a potion of agility {unknown}
 t - a potion of ambrosia {unknown}
 u - a potion of haste {unknown}
Comestibles
 d - 3 bread rations
 k - a meat ration
 n - a royal jelly
 o - a fruit


   Skills:
 + Level 2.3 Fighting
 + Level 2.0 Throwing
 + Level 2.2 Armour
 + Level 3.0 Dodging
 + Level 0.2 Stealth
 + Level 4.2 Unarmed Combat


You had 4 spell levels left.
You didn't know any spells.

Dungeon Overview and Level Annotations

Branches:
Dungeon (4/15)
 Temple: D:4-7

Altars:
Nemelex Xobeh
Okawaru


Innate Abilities, Weirdness & Mutations

You have large cloven feet.
You are partially covered in iridescent scales. (AC +2)


Message History

The ogre is caught in the net!
The ogre is heavily wounded.
The ogre struggles against the net.
You punch the ogre!
The ogre is severely wounded.
The ogre struggles against the net.
Your chain mail prevents you from hitting the ogre.
The ogre is severely wounded.
The ogre struggles against the net.
You hit the ogre.
The ogre is almost dead.
The ogre struggles against the net.
You hit the ogre.
The ogre is almost dead.
The ogre struggles against the net.
The net rips apart, and the ogre comes free!
You closely miss the ogre.
The ogre is almost dead.
The ogre hits you with a giant club!!
You die...

#..# ##.. #..####..#
#.......## ##......##
##..###...#
###....##...#
####...........#
####...#######....##
####.O@#### #####..
#....### ##.
#####...### ##### ##
##...###...###...## #
##.....##...##.....##
#.......#...#.......#
#..=....'...'....)..#
#.......#...#.......#
##.....##...##.....##


You could see an ogre.

Vanquished Creatures
  2 orc wizards
  A worker ant (D:4)
  3 adders
  3 dart slugs
  2 worms
  A leopard gecko (D:4)
  5 orcs
  2 ball pythons
  4 giant cockroaches
  2 hobgoblins (D:1)
  4 jackals
  6 kobolds
  2 quokkas
  6 bats
  3 frilled lizards
  3 goblins
  5 rats
54 creatures vanquished.

Notes
Turn   | Place    | Note
-------+----------+-------------------------------------------
     0 | D:1      | polly the Demonspawn Gladiator began the quest for the Orb.
     0 | D:1      | Reached XP level 1. HP: 16/16 MP: 1/1
    24 | D:1      | Found a sparkling altar of Nemelex Xobeh.
   273 | D:1      | Gained mutation: You are partially covered in iridescent scales. (AC +2) [demonic ancestry]
   273 | D:1      | Reached XP level 2. HP: 17/22 MP: 2/2
   434 | D:1      | Reached skill level 3 in Unarmed Combat
   732 | D:2      | Reached XP level 3. HP: 24/27 MP: 3/3
  1066 | D:2      | You fall through a shaft!
  1209 | D:3      | Reached skill level 1 in Armour
  1533 | D:2      | Found an iron altar of Okawaru.
  1567 | D:2      | Became a worshipper of Warmaster Okawaru
  2154 | D:3      | Reached XP level 4. HP: 25/33 MP: 2/4
  2393 | D:3      | Reached skill level 4 in Unarmed Combat
  2539 | D:4      | Gained mutation: You have large cloven feet. [demonic ancestry]
  2539 | D:4      | Reached XP level 5. HP: 17/39 MP: 5/5
  2911 | D:4      | Noticed an ogre
  2946 | D:4      | Mangled by an ogre

Skill      XL: |  1  2  3  4 |
---------------+-------------+-----
Throwing       | 2 |  2.0
Unarmed Combat | 3 4 |  4.2
Armour         | 1 2 |  2.2
Dodging        | 3 |  3.0
Fighting       | |  2.3
Stealth        | |  0.2

Action                   |  1- 3 |  4- 6 || total
-------------------------+-------+-------++-------
Melee: Unarmed           |   201 |    83 ||   284
       Punch             |     3 |     1 ||     4
Throw: Throwing net      |       |     1 ||     1
  Eat: Chunk             |     4 |     1 ||     5
Armor: Leather armour    |    12 |       ||    12
       Chain mail        |    92 |    61 ||   153
Dodge: Dodged            |    94 |    24 ||   118
